 Dungeon Crawl Stone Soup version 0.29.1-2-gbd0b4ee654 (webtiles) character file.

Game seed: 16403948855419525009

35 croobank the Caller (level 3, -2/23 HPs)
             Began as an Octopode Summoner on Nov 23, 2022.
             Frozen to death by an endoplasm (5 damage)
             ... on level 2 of the Dungeon.
             The game lasted 00:05:54 (1638 turns).

croobank the Caller (Octopode Summoner)             Turns: 1638, Time: 00:05:55

Health: -2/23      AC:  1    Str:  7    XL:     3   Next: 35%
Magic:  0/6        EV: 14    Int: 19    God:
Gold:   111        SH:  0    Dex: 18    Spells: 0/6 levels left

rFire   . . .      SeeInvis .   (no weapon)
rCold   . . .      Faith    .   (no shield)
rNeg    . . .      Spirit   .   (helmet restricted)
rPois   .          Reflect  .   (no amulet)
rElec   .          Harm     .   b - +6 ring of dexterity
rCorr   .          Rampage  .   (no ring)
Will    .....                   (no ring)
Stlth   ++++......              (no ring)
HPRegen 0.07/turn               (no ring)
MPRegen 0.10/turn               (no ring)
                                (no ring)
                                (no ring)

@: no status effects
A: almost no armour, amphibious, 8 rings, camouflage 1, gelatinous body 1,
(nimble swimmer 1), tentacles
a: no special abilities


You were on level 2 of the Dungeon.
You visited 1 branch of the dungeon, and saw 2 of its levels.

You collected 111 gold pieces.

Inventory:

Hand Weapons
 g - a +1 sling
Jewellery
 b - a +6 ring of dexterity (left tentacle)
Scrolls
 h - 3 scrolls of silence {unknown}
Potions
 a - a potion of magic
 c - a potion of cancellation {unknown}
 e - a potion of curing {unknown}
 f - a potion of resistance {unknown}


   Skills:
 + Level 1.0 Fighting
 + Level 2.3 Dodging
 + Level 3.3 Stealth
 + Level 2.3 Spellcasting
 + Level 4.2 Summonings


You couldn't memorise any spells.
You knew the following spells:

 Your Spells              Type           Power      Damage    Failure   Level
a - Summon Small Mammal   Summ           72%        N/A       3%          1
b - Call Imp              Summ           18%        N/A       4%          2
c - Call Canine Familiar  Summ           18%        N/A       9%          3

Your spell library contained the following spells:

 Spells                   Type           Power      Damage    Failure   Level
 Sandblast                Erth           4%         2d4       16%         1
 Summon Guardian Golem    Hex/Summ       10%        N/A       21%         3
 Passwall                 Tmut/Erth      1%         N/A       24%         2
 Stone Arrow              Conj/Erth      4%         3d7       43%         3
 Summon Lightning Spire   Summ/Air       10%        N/A       56%         4
 Orb of Destruction       Conj           1%         9d5       100%        7
 Spellforged Servitor     Conj/Summ      5%         N/A       100%        7


Dungeon Overview and Level Annotations

Branches:
Dungeon (2/15)

Altars:


Innate Abilities, Weirdness & Mutations

You cannot wear most types of armour.
You are amphibious.
You can wear up to eight rings at the same time.
Your skin changes colour to match your surroundings (Stealth+).
Your rubbery body absorbs attacks. (AC +1, EV +1)
((You are camouflaged when in or above water. (Stealth+)))
You have tentacles for arms and can constrict up to eight enemies at once.


Message History

The endoplasm is moderately wounded.
The endoplasm freezes you.
You are frozen.
You tentacle-slap the endoplasm but do no damage.
The endoplasm is moderately wounded.
The endoplasm closely misses you.
You tentacle-slap the endoplasm.
The endoplasm is moderately wounded.
The endoplasm freezes you.
You are frozen.
Your magical contamination has completely faded away.
You tentacle-slap the endoplasm but do no damage.
The endoplasm is moderately wounded.
The orc barely misses you. The endoplasm freezes you.
You are frozen.
You tentacle-slap the endoplasm.
The endoplasm is severely wounded.
The endoplasm freezes you.
You are frozen.
* * * LOW HITPOINT WARNING * * *
The orc barely misses you.
Casting: Call Canine Familiar (quite dangerous; 9% risk of failure)
Confirm with . or Enter, or press ? or * to list all spells.
You don't have enough magic to cast this spell.
Casting: Call Canine Familiar (quite dangerous; 9% risk of failure)
Confirm with . or Enter, or press ? or * to list all spells.
The orc misses you. The endoplasm freezes you.
You are frozen.
* * * LOW HITPOINT WARNING * * *
The orc attacks as you move away! The orc barely misses you.
The endoplasm attacks as you move away! The endoplasm closely misses you.
Okay, then.
As you read the scroll labelled YDYPLU WOM SEL, it crumbles to dust.
It is a scroll of enchant weapon.
Your +0 sling glows red for a moment.
The endoplasm freezes you.
You are frozen.
You die...

###...............
#...........##.#
#...........##.#
###...........##.#
..............##.#
######.####......#
.......####....r.######
...............oJ....>#
####.#.#........@####.#
.###...#.#######.#
.......... ....
.###.###.## ##.##.#
.##........ #.# ..
.##.....### #.. #
.##.....### #.#
.##....... ..#
.##.....#


You could see an orc, an endoplasm (ally target) and a friendly rat (summoned).

Vanquished Creatures
  A ball python (D:1)
  An endoplasm (D:2)
  A giant cockroach (D:1)
  2 goblins (D:1)
  A hobgoblin (D:1)
  A quokka (D:1)
  2 bats (D:1)
9 creatures vanquished.

Vanquished Creatures (collateral kills)
  A worm (D:2)
  A dart slug (D:1)
  3 bats (D:1)
  2 endoplasms (D:1)
  2 goblins
  A hobgoblin (D:1)
  2 kobolds (D:1)
  A quokka (D:1)
  2 ball pythons
  2 rats
17 creatures vanquished.

Grand Total: 26 creatures vanquished

Notes
Turn   | Place    | Note
-------+----------+-------------------------------------------
     0 | D:1      | croobank the Octopode Summoner began the quest for the Orb.
     0 | D:1      | Reached XP level 1. HP: 11/11 MP: 3/3
    79 | D:1      | Reached XP level 2. HP: 16/18 MP: 0/5
    82 | D:1      | Learned a level 2 spell: Call Imp
   180 | D:1      | Found a faded altar of an unknown god.
   849 | D:1      | Reached XP level 3. HP: 19/22 MP: 6/6
   853 | D:1      | Learned a level 3 spell: Call Canine Familiar
   958 | D:1      | Reached skill level 1 in Fighting
  1638 | D:2      | Frozen to death by an endoplasm

Illustrated notes

Levels and vault maps discovered:
D:1:      elethiomel_arrival_shortcut, layout_rooms,
          shapermc_ecumenical_altar_hornbeckon
D:2:      layout_basic

Skill      XL: |  1  2  3 |
---------------+----------+-----
Stealth        | 3 |  3.3
Fighting       | 1 |  1.0
Dodging        | |  2.3
Spellcasting   | |  2.3
Summonings     | |  4.2

Action                   || total
-------------------------++-------
Melee: Unarmed           ||    30
       Constrict         ||     9
       Tentacles         ||     9
 Cast: Summon Small Mamm ||    20
       Call Imp          ||     8
       Call Canine Famil ||     6
  Use: Scroll            ||     1
Armor: Skin              ||     3
Dodge: Dodged            ||    35
